 Dungeon Crawl Stone Soup version 0.27-a0-13-g87abb2d9eb (webtiles) character file.

Game seed: 4573993841230177343

587337 dolemite99 the Spry (level 27, -16/244 HPs)
             Began as a Merfolk Gladiator on Jan 2, 2021.
             Was a High Priest of Makhleb.
             Killed from afar by an orb of fire (26 damage)
             ... with a fireball
             ... on level 1 of the Realm of Zot.
             The game lasted 02:54:40 (83319 turns).

dolemite99 the Spry (Merfolk Gladiator)            Turns: 83319, Time: 02:54:40

Health: -16/244    AC: 29    Str: 24    XL:     27
Magic:  34/34      EV: 23    Int: 17    God:    Makhleb [*****.]
Gold:   2030       SH: 17    Dex: 21    Spells: 44/59 levels left

rFire    + + .     SeeInvis .   b - +3 demon trident (elec)
rCold    + + +     Faith    +   x - +2 kite shield {rC+}
rNeg     . . .     Spirit   .   W - +3 chain mail {rF+}
rPois    .         Reflect  .   c - +2 helmet {Int+3}
rElec    .         Harm     .   Q - +2 cloak {Will+}
rCorr    .         Rampage  .   r - +0 pair of gloves of Wrong Decisions {rC+ Int+5}
Will     +++..                  O - +0 pair of boots of the Crypt {rC+ Str+4} (curse)
Stlth    ..........             o - amulet of faith
HPRegen  0.50/turn              E - ring of protection from fire
MPRegen  0.24/turn              s - +4 ring of protection {=R}

@: studying Stealth
A: change form in water, swift swim, stealthy swim, thin skeletal structure 1,
deterioration 1, dopey 1, low mp 2, robust 1, wild magic 1
}: 3/15 runes: serpentine, barnacled, slimy
a: Renounce Religion, Minor Destruction, Lesser Servant of Makhleb, Major
Destruction, Greater Servant of Makhleb


You were on level 1 of the Realm of Zot.
You worshipped Makhleb.
Makhleb was extremely pleased with you.
You visited 11 branches of the dungeon, and saw 51 of its levels.
You also visited: Ossuary, Bailey and Ice Cave.

You collected 7032 gold pieces.
You spent 5002 gold pieces at shops.

Inventory:

Hand Weapons
 a - a +6 trishula of holy wrath
 b - a +3 demon trident of electrocution (weapon)
 e - a +7 vampiric demon trident
Missiles
 k - 5 silver javelins (quivered)
 K - 4 throwing nets
 T - 18 silver boomerangs
 Y - 19 javelins
Armour
 c - a +2 helmet of intelligence (worn)
 r - the +0 pair of gloves of Wrong Decisions (worn) {rC+ Int+5}
   (You found it on level 3 of the Lair of Beasts)

   It affects your intelligence (+5).
   It protects you from cold.
 x - a +2 kite shield of cold resistance (worn)
 A - the +6 plate armour of Death's Door {rC- Regen+ rCorr Dex+6}
   (You found it on level 15 of the Dungeon)

   It affects your dexterity (+6).
   It makes you vulnerable to cold.
   It increases your rate of regeneration.
   It provides partial protection from all sources of acid and corrosion.
 O - the cursed +0 pair of boots of the Crypt (worn) {rC+ Str+4}
   (You found it on level 4 of the Lair of Beasts)

   It affects your strength (+4).
   It protects you from cold.
   It has a curse placed upon it.
 Q - a +2 cloak of willpower (worn)
 W - a +3 chain mail of fire resistance (worn)
Jewellery
 i - the ring "Nintedem" {+Inv rPois EV+4 Str+3}
   (You bought it in a shop on level 4 of the Depths)

   [ring of evasion]

   It affects your evasion (+4).
   It affects your strength (+3).
   It protects you from poison.
   It lets you turn invisible.
 o - an amulet of faith (around neck)
 s - a +4 ring of protection (right hand) {=R}
 y - an uncursed ring of protection from cold
 z - an uncursed ring of see invisible
 E - a ring of protection from fire (left hand)
 U - the ring of Rykecuit {rPois rF- rC+ rN+}
   (You found it on level 1 of the Lair of Beasts)

   [ring of protection from cold]

   It makes you vulnerable to fire.
   It protects you from cold.
   It protects you from poison.
   It protects you from negative energy.
Wands
 q - a wand of digging (19)
 B - a wand of paralysis (44)
 F - a wand of iceblast (38)
 G - a wand of enslavement (29)
 L - a wand of disintegration (58)
 Z - a wand of polymorph (19)
Scrolls
 d - 25 scrolls of remove curse {@r2}
 j - a scroll of magic mapping
 l - 5 scrolls of fog
 n - a scroll of blinking
 u - 2 scrolls of holy word
 C - a scroll of enchant armour
 D - 9 scrolls of identify {@r1}
 J - 7 scrolls of teleportation
 N - 2 scrolls of silence
 X - 3 scrolls of fear
Potions
 m - 5 potions of magic
 t - 5 potions of flight
 w - 9 potions of cancellation
 H - 13 potions of curing
 I - 7 potions of mutation
 M - 10 potions of brilliance
 P - 3 potions of berserk rage
Books
 V - a manual of Stealth
Miscellaneous
 f - a phantom mirror
 g - a phial of floods (inert)
 h - a condenser vane (inert)
 v - a tin of tremorstones (1/2)
 R - a box of beasts
 S - a lightning rod (3/4)


   Skills:
 - Level 19.4 Fighting
 - Level 16.3 Polearms
 - Level 13.9 Throwing
 - Level 12.5 Armour
 - Level 19.6 Dodging
 - Level 16.0 Shields
 - Level 16.5 Spellcasting
 + Level 11.9 Summonings
 - Level 9.2 Necromancy
 + Level 9.8 Translocations
 + Level 15.3 Invocations
 - Level 11.3 Evocations


You had 44 spell levels left.
You knew the following spells:

 Your Spells              Type           Power        Failure   Level
a - Summon Forest         Summ/Tloc      30%          10%         5
b - Apportation           Tloc           100%         1%          1
c - Wereblood             Tmut           18%          38%         2
d - Animate Dead          Necr           28%          8%          4
e - Passwall              Tmut/Erth      15%          38%         2
s - Animate Skeleton      Necr           100%         1%          1

Your spell library contained the following spells:

 Spells                   Type           Power        Failure   Level
 Pain                     Necr           100%         1%          1
 Summon Small Mammal      Summ           100%         1%          1
 Sublimation of Blood     Necr           28%          1%          2
 Gell's Gravitas          Tloc           29%          2%          3
 Lesser Beckoning         Tloc           29%          2%          3
 Vampiric Draining        Necr           28%          2%          3
 Corpse Rot               Necr/Air       N/A          8%          2
 Portal Projectile        Hex/Tloc       80%          13%         3
 Agony                    Necr           56%          19%         5
 Excruciating Wounds      Necr           28%          19%         5
 Summon Ice Beast         Ice/Summ       44%          24%         4
 Summon Lightning Spire   Summ/Air       44%          24%         4
 Beastly Appendage        Tmut           36%          28%         1
 Corona                   Hex            20%          28%         1
 Foxfire                  Conj/Fire      72%          28%         1
 Freeze                   Ice            72%          28%         1
 Magic Dart               Conj           72%          28%         1
 Sandblast                Erth           36%          28%         1
 Shock                    Conj/Air       72%          28%         1
 Sting                    Tmut/Pois      72%          28%         1
 Shadow Creatures         Summ           N/A          30%         6
 Iskenderun's Mystic Bla  Conj/Tloc      40%          34%         4
 Ensorcelled Hibernation  Hex/Ice        36%          38%         2
 Poisonous Vapours        Pois/Air       36%          38%         2
 Searing Ray              Conj           36%          38%         2
 Slow                     Hex            18%          38%         2
 Swiftness                Air            18%          38%         2
 Confusing Touch          Hex            18%          61%         3
 Conjure Flame            Conj/Fire      18%          61%         3
 Dazzling Flash           Conj/Hex       36%          61%         3
 Frozen Ramparts          Ice            36%          61%         3
 Ignite Poison            Fire/Tmut/Pois 18%          61%         3
 Inner Flame              Hex/Fire       18%          61%         3
 Mephitic Cloud           Conj/Pois/Air  18%          61%         3
 Ozocubu's Armour         Ice            18%          61%         3
 Spider Form              Tmut/Pois      9%           61%         3
 Static Discharge         Conj/Air       18%          61%         3
 Stone Arrow              Conj/Erth      36%          61%         3
 Tukima's Dance           Hex            18%          61%         3
 Death Channel            Necr           28%          65%         6
 Borgnjor's Vile Clutch   Necr/Erth      19%          71%         5
 Summon Hydra             Summ           31%          83%         7
 Malign Gateway           Summ/Tloc      30%          93%         7
 Airstrike                Air            9%           94%         4
 Cause Fear               Hex            9%           94%         4
 Fulminant Prism          Conj/Hex       9%           94%         4
 Hailstorm                Conj/Ice       18%          94%         4
 Ice Form                 Ice/Tmut       18%          94%         4
 Leda's Liquefaction      Hex/Erth       9%           94%         4
 Olgreb's Toxic Radiance  Pois           18%          94%         4
 Petrify                  Tmut/Erth      18%          94%         4
 Sticky Flame             Conj/Fire      18%          94%         4
 Simulacrum               Ice/Necr       19%          99%         6
 Alistair's Intoxication  Tmut/Pois      12%          100%        5
 Blade Hands              Tmut           9%           100%        5
 Bolt of Magma            Conj/Fire/Erth 9%           100%        5
 Fireball                 Conj/Fire      9%           100%        5
 Irradiate                Conj/Tmut      9%           100%        5
 Iskenderun's Battlesphe  Conj           18%          100%        5
 Lee's Rapid Deconstruct  Erth           9%           100%        5
 Lightning Bolt           Conj/Air       9%           100%        5
 Metabolic Englaciation   Hex/Ice        9%           100%        5
 Silence                  Hex/Air        9%           100%        5
 Yara's Violent Unravell  Hex/Tmut       9%           100%        5
 Conjure Ball Lightning   Conj/Air       9%           100%        6
 Eringya's Noxious Bog    Tmut/Pois      9%           100%        6
 Freezing Cloud           Conj/Ice/Air   9%           100%        6
 Hydra Form               Tmut           9%           100%        6
 Invisibility             Hex            18%          100%        6
 Iron Shot                Conj/Erth      9%           100%        6
 Ozocubu's Refrigeration  Ice            9%           100%        6
 Starburst                Conj/Fire      9%           100%        6
 Statue Form              Tmut/Erth      12%          100%        6
 Orb of Destruction       Conj           9%           100%        7
 Spellforged Servitor     Conj/Summ      22%          100%        7
 Ignition                 Fire           9%           100%        8
 Shatter                  Erth           9%           100%        9
 Tornado                  Air            9%           100%        9


Dungeon Overview and Level Annotations

Branches:
Dungeon (15/15)            Temple (0/1) D:4            Lair (6/6) D:11
 Shoals (4/4) Lair:2        Snake (4/4) Lair:2        Slime (5/5) Lair:5
    Orc (2/2) D:12            Elf (3/3) Orc:2        Vaults (3/5) D:14
  Crypt (3/3) Vaults:2       Tomb (0/3) Crypt:3      Depths (5/5) D:15
    Zot (1/5) Depths:5    Ossuary (visited)          Bailey (visited)
  IceCv (visited)

Altars:
Ashenzari
Cheibriados
Dithmenos
Elyvilon
Fedhas
Gozag
Hepliaklqana
Kikubaaqudgha
Makhleb
Okawaru
Ru
Sif Muna
Trog
Uskayaw
Yredelemnul
The Shining One
Beogh
Jiyva
Lugonu

Shops:
Orc:2 (([(   Elf:1 }   Elf:2 *(   Shoals:2 (=   Vaults:1 ?   Depths:4 =}=
Depths:5 **

Portals:
Hell: Depths:1 Depths:2 Depths:3 Depths:4 Depths:5
Abyss: Depths:4 Depths:5
Pandemonium: Depths:1 Depths:3
Ziggurat: Depths:1
Trove: Elf:3 (give +4 fire dragon scales)

Annotations:
Shoals:3 2 transporters, Morgoth's ghost, adept TeWr
Snake:1 Roxanne
Elf:2 5 runed translucent doors
Depths:4 1 runed translucent door, Clumpoid's ghost, master GnFi; Igie's ghost, veteran SpVM


Innate Abilities, Weirdness & Mutations

You revert to your normal form in water.
You are very nimble and swift while swimming.
You are very stealthy in the water. (Stealth+)
You have a somewhat thin skeletal structure. (Dex +2, Stealth)
Your body sometimes deteriorates upon taking damage.
You are dopey. (Int -2)
Your magical capacity is very low. (-20% MP)
You are robust. (+10% HP)
Your spells are a little harder to cast, but a little more powerful.


Message History

You throw a silver javelin.
The silver javelin pierces through the orb of fire.
The silver sears the orb of fire!
The orb of fire is almost destroyed.
The green draconian rages.
You hit the orb of fire but do no damage.
The orb of fire is almost destroyed.
You hear a roar!
Throw: 6 javelins (silver)
Press: ? - help, Q - select action, (/) - cycle Shift-Dir - straight line, f/p - orb of fire
Aim: an orb of fire (poison gas, almost destroyed, chaotic)
You throw a silver javelin.
The silver javelin completely misses the orb of fire.
The orb of fire emits a lurid red light.
The fireball explodes!
The fireball engulfs you!! You resist.
* * * LOW HITPOINT WARNING * * *
The fireball engulfs the orb of fire.
The orb of fire completely resists.
The orb of fire glows bright magenta.
The fireball explodes!
The fireball engulfs you!! You resist.
You die...

******,*,,,,,,**,,**,*
*,,* *
*,*,,,,,,*#..#*,* ****
* *,#..≈...##..#*,* *
******,#...≈..+..$#*,*
*
,,,,,,,+...≈..##.(**,*
*
****,,,*,*.)§.##..**,*
* ##+####,..q.##.#**,*
* #.....+,,Xd.*#.# *,*
* #.....#*##X#*#@# *,*
* #.....###§)###*###.#
* #.....'....(ddX§...#
* #.....###(##########
* #####'#####.# *
..###.......# *
#.....####### *
####### * *


You could see an orb of fire, a tentacled monstrosity and a green draconian
(berserk).

Vanquished Creatures
  the Royal Jelly (Slime:5)
  Mennas (Depths:4)
  An orb of fire (Zot:1)
  Boris (twice) (Crypt:2 Crypt:3)
  The ghost of Cuucabuana the Slayer, a veteran MiGl of Okawaru (Elf:2)
  Vashnia (Snake:2)
  The ghost of Plog the Warrior, an adept DgCj (Depths:4)
  5 golden dragons
  the Enchantress (Depths:4)
  An electric golem (Zot:1)
  A lich (Vaults:3)
  2 tentacled monstrosities
  A titan (Depths:5)
  4 deep elf master archers (Elf:3)
  2 deep elf blademasters (Elf:3)
  A quicksilver dragon (Zot:1)
  24 acid blobs
  A death cob (Zot:1)
  2 sphinxes (Depths:3)
  10 ancient champions
  Kirke (D:12)
  A storm dragon (Depths:4)
  2 tengu reavers
  2 revenants
  Donald (Snake:1)
  12 nagarajas
  2 draconian monks (Zot:1)
  Ilsuiw (Shoals:3)
  20 azure jellies
  4 fire giants
  2 vault wardens
  10 deep elf sorcerers
  3 deep elf elementalists (Elf:3)
  Aizul (Snake:1)
  A caustic shrike zombie (Crypt:3)
  5 frost giants
  A draconian knight (Zot:1)
  The ghost of Teryn the Envoy of Void, a journeyman DsAK of Lugonu (Shoals:4)
  3 draconian scorchers
  A draconian shifter (Zot:1)
  A curse skull (Crypt:1)
  4 ironheart preservers
  3 spriggan defenders (Depths:4)
  A draconian stormcaller (Depths:5)
  3 ghouls
  2 draconian annihilators
  A reaper (Crypt:3)
  A juggernaut skeleton (Crypt:2)
  4 green draconians
  5 vampire knights
  14 very ugly things
  3 stone giants
  12 deep elf demonologists
  Azrael (Elf:1)
  A yellow draconian (Depths:5)
  8 deep elf annihilators
  A white draconian (Depths:5)
  4 black draconians
  2 spark wasps
  3 purple draconians
  2 red draconians (Depths:5)
  4 eidola
  7 deep elf death magi
  8 ettins
  2 mummy priests (Crypt:3)
  5 death oozes (Slime:5)
  Josephine (D:15)
  10 jiangshi
  4 yaktaur captains
  7 merfolk javelineers
  6 deep elf high priests (Elf:3)
  9 fire dragons
  10 merfolk impalers
  The ghost of teolandon225 the Unseen, a journeyman SpEn of Dithmenos (Lair:6)
  13 great orbs of eyes
  4 rakshasas
  5 boulder beetles
  15 hydras
  8 ice dragons
  11 naga warriors
  Harold (D:7)
  2 vault guards
  12 centaur warriors
  9 deep troll shamans
  9 ogre magi
  9 anacondas
  2 merfolk avatars
  3 satyrs
  5 spriggan air magi
  20 dancing weapons
  6 death yaks (Lair:4)
  32 two-headed ogres
  3 merfolk aquamancers
  9 deep troll earth magi
  2 tengu warriors (Depths:2)
  7 spriggan berserkers
  10 naga sharpshooters
  3 shock serpents
  9 vampire magi
  2 hell hogs (Depths:3)
  A sun demon (Depths:3)
  4 orc high priests (Orc:2)
  A soul eater (Crypt:2)
  A titan skeleton (Crypt:3)
  2 salamander mystics
  A storm dragon skeleton (Crypt:2)
  18 deep elf knights
  An iron troll (Depths:4)
  20 skeletal warriors
  A death drake (Snake:3)
  4 shadow wraiths
  2 hell knights (Depths:4)
  2 unseen horrors (D:14)
  A flayed ghost (Depths:1)
  14 sea snakes
  25 deep trolls
  4 glowing orange brains
  2 unseen horrors (shapeshifter)
  5 ironbrand convokers
  An entropy weaver zombie (Crypt:2)
  3 naga ritualists
  A large abomination (Elf:3)
  A golden dragon skeleton (Crypt:1)
  8 necromancers
  Pikel (D:7)
  13 deep elf archers
  15 harpies
  A bog body (Crypt:2)
  14 orc knights
  4 wizards
  3 phantasmal warriors
  An oklob plant (D:12)
  57 deep elf magi
  A sphinx skeleton (Depths:3)
  2 stone giant zombies
  9 salamanders
  6 mana vipers
  10 manticores
  An orb spider (shapeshifter) (Elf:2)
  5 orc sorcerers
  A frost giant zombie (Crypt:1)
  A tengu skeleton (Depths:3)
  3 fire giant zombies
  12 fauns
  A wolf spider zombie (Crypt:1)
  A moth of wrath (Zot:1)
  8 shining eyes
  A wolf spider (Lair:6)
  A cyclops (shapeshifter) (Depths:2)
  9 cyclopes
  2 elephants (Lair:6)
  A stone giant skeleton (Crypt:2)
  Maurice (D:11)
  26 ugly things
  35 black mambas
  A black mamba (shapeshifter) (Elf:3)
  8 guardian serpents
  8 vault sentinels
  8 water nymphs
  7 merfolk sirens
  2 eyes of devastation
  4 ice statues (IceCv)
  A frost giant skeleton (Crypt:2)
  A molten gargoyle (Depths:2)
  3 gargoyles
  12 naga magi
  A hellion (Depths:3)
  A white draconian zombie (Crypt:2)
  2 orange demons (D:10)
  17 cane toads
  3 centaur skeletons
  5 rime drakes
  2 yaktaur zombies
  10 komodo dragons
  34 yaktaurs
  A komodo dragon (shapeshifter) (Depths:1)
  7 freezing wraiths
  A kobold demonologist (D:13)
  3 spectral nagas (Snake:3)
  2 small abominations (Elf:3)
  7 ice devils (IceCv)
  A grey draconian skeleton (Crypt:1)
  4 guardian mummies
  4 hellwings (Depths:2)
  2 red devils
  2 tengu conjurers
  A redback zombie (Crypt:1)
  12 wind drakes
  3 meliai (D:13)
  A troll (shapeshifter) (Depths:1)
  An iron troll skeleton (Crypt:2)
  A wolf spider simulacrum (Crypt:1)
  A wind drake (shapeshifter) (Vaults:2)
  A polar bear (Lair:3)
  88 slime creatures
  A jumping spider (shapeshifter) (Vaults:2)
  31 merfolk
  A polar bear (shapeshifter) (Vaults:3)
  8 hornets
  10 trolls
  A hydra skeleton (Crypt:2)
  10 dream sheep
  2 ettin zombies (Crypt:2)
  An iron dragon simulacrum (Crypt:2)
  4 blink frogs
  8 snapping turtles
  A fire dragon zombie (Crypt:3)
  8 flying skulls
  A redback (shapeshifter) (Vaults:3)
  13 water elementals
  A redback (Lair:6)
  A spectral black mamba (Snake:3)
  6 air elementals
  A spriggan (Depths:4)
  7 wraiths
  7 wyverns
  A shock serpent simulacrum (Snake:3)
  3 fire elementals
  3 fire bats (Depths:2)
  2 ettin skeletons
  2 basilisks
  37 yaks
  A golden eye (shapeshifter) (Elf:2)
  7 vampire mosquitoes
  2 steam dragons (D:6)
  A hog (D:12)
  Menkaure (D:7)
  A yaktaur simulacrum (Vaults:3)
  7 wargs
  47 nagas
  3 acid dragons
  A swamp worm (Snake:3)
  A hydra simulacrum (Crypt:1)
  18 hell hounds
  A two-headed ogre zombie (Crypt:3)
  A soldier ant (D:14)
  25 water moccasins
  2 floating eyes
  32 orc warriors
  A guardian serpent simulacrum (Snake:3)
  A cane toad skeleton (Crypt:1)
  2 swamp drakes (Lair:6)
  An ice beast (D:13)
  An ettin simulacrum (Crypt:1)
  2 necrophages
  3 sky beasts
  3 black bears
  24 ogres
  5 eyes of draining
  4 phantoms
  18 centaurs
  An ogre (shapeshifter) (Depths:3)
  10 wolves
  17 boggarts
  A rime drake zombie (Crypt:3)
  A snapping turtle skeleton (Crypt:2)
  An elf zombie (Ossuary)
  4 big kobolds
  A salamander zombie (Crypt:3)
  A wyvern zombie (D:11)
  17 bullfrogs
  3 elf skeletons
  2 earth elementals (Elf:2)
  5 scorpions
  An elf simulacrum (Vaults:2)
  14 killer bees
  An oklob sapling (D:12)
  13 wights
  A warg skeleton (Crypt:1)
  A wolf zombie (Crypt:2)
  An electric eel (Lair:2)
  4 bullfrog zombies
  2 howler monkeys
  2 draconian simulacra (IceCv)
  8 hounds
  3 quasits
  6 human zombies
  3 centaur zombies
  A gnoll shaman (D:7)
  A jelly (D:2)
  19 orc wizards
  2 bullfrog skeletons
  35 orc priests
  A basilisk skeleton (Crypt:1)
  Ijyb (D:3)
  Terence (D:3)
  A demonspawn skeleton (Crypt:3)
  7 iguanas
  15 worker ants
  6 human skeletons
  3 troll simulacra (IceCv)
  3 big kobold zombies (Ossuary)
  A naga zombie (Crypt:3)
  3 centaur simulacra (IceCv)
  4 mummies
  22 adders
  5 gnolls (D:7)
  2 ogre simulacra (IceCv)
  3 shadow imps
  14 white imps
  A worker ant simulacrum (D:8)
  4 ufetubi
  3 oozes
  An adder zombie (D:9)
  An adder skeleton (D:9)
  2 worms
  2 dart slugs (D:1)
  8 leopard geckos
  106 orcs
  5 bats
  3 giant cockroaches (D:2)
  15 hobgoblins
  22 jackals
  A quokka (D:9)
  6 ball pythons (D:12)
  4 frilled lizards
  A frilled lizard skeleton (Crypt:1)
  A giant cockroach zombie (D:6)
  A gnoll zombie (Ossuary)
  12 goblins
  3 goblin zombies (Ossuary)
  2 hobgoblin zombies (Ossuary)
  A jackal zombie (Crypt:1)
  25 kobolds
  An orc skeleton (D:8)
  2 orc zombies (Ossuary)
  7 rats
  2 crawling corpses (Elf:3)
2043 creatures vanquished.

Vanquished Creatures (collateral kills)
  An ancient lich (Depths:1)
  Mara (Depths:4)
  A profane servitor (Crypt:3)
  Nikola (Shoals:1)
  A lich (Crypt:3)
  An ancient champion (Crypt:3)
  A tengu reaver (Depths:4)
  A shadow dragon (Zot:1)
  A draconian monk (Depths:5)
  4 azure jellies (Slime:5)
  2 vault wardens (Vaults:3)
  Louise (Snake:1)
  The ghost of Xitaol the Ninja, an adept SpEn of Wu Jian (Snake:3)
  A draconian stormcaller (Zot:1)
  A draconian scorcher (Zot:1)
  An ironheart preserver (Vaults:3)
  A spriggan defender (Depths:4)
  A ghoul (Crypt:3)
  8 very ugly things
  A deep elf demonologist (Vaults:3)
  3 stone giants
  A black draconian (Zot:1)
  A white draconian (Zot:1)
  A red draconian (Zot:1)
  2 spark wasps
  2 merfolk javelineers (Shoals:4)
  An ettin (Depths:5)
  3 fire dragons
  3 great orbs of eyes
  2 death oozes (Slime:5)
  Erolcha (D:11)
  2 yaktaur captains
  2 rakshasas
  3 vault guards
  2 boulder beetles
  A naga warrior (Snake:3)
  A merfolk aquamancer (Shoals:3)
  A spriggan air mage (Depths:4)
  5 anacondas
  3 two-headed ogres
  A centaur warrior (Depths:3)
  2 ogre magi
  A dancing weapon (Elf:1)
  2 deep troll earth magi
  A tengu warrior (D:15)
  2 naga sharpshooters
  2 orc high priests (Orc:2)
  A deep elf knight (Elf:1)
  2 iron trolls (Depths:4)
  4 hell knights (Depths:4)
  A storm dragon skeleton (Vaults:3)
  2 skeletal warriors (Crypt:3)
  3 sea snakes (Snake:4)
  4 deep trolls
  2 glowing orange brains (Depths:4)
  A wizard (Elf:1)
  2 naga ritualists
  2 deep elf archers
  A swamp dragon (Lair:6)
  6 ironbrand convokers
  5 deep elf magi
  2 mana vipers
  5 harpies
  14 ugly things
  A shining eye (Slime:1)
  3 manticores
  4 fauns (Shoals:2)
  3 salamanders (Snake:3)
  A spectral shock serpent (Snake:3)
  3 elephants (Lair:6)
  12 black mambas
  2 orange demons
  A smoke demon (Depths:2)
  4 naga magi
  7 cane toads
  A gargoyle (D:11)
  A centaur skeleton (D:15)
  5 yaktaurs
  A rime drake (Lair:6)
  An ice devil (IceCv)
  A komodo dragon (Lair:6)
  A freezing wraith (Vaults:2)
  2 red devils
  A tengu conjurer (Depths:5)
  3 merfolk
  A jumping spider (shapeshifter) (D:15)
  A polar bear (Lair:6)
  A hornet (D:15)
  5 blink frogs
  11 slime creatures
  3 snapping turtles
  3 dream sheep (Lair:6)
  A spriggan (Depths:4)
  A redback (Lair:6)
  A redback (shapeshifter) (Depths:1)
  A wraith (D:15)
  A basilisk (Lair:2)
  6 wyverns (Lair:6)
  9 yaks
  7 water elementals
  4 wargs (Orc:2)
  9 nagas
  5 water moccasins (Lair:6)
  4 hell hounds (Depths:2)
  A floating eye (Depths:2)
  6 orc warriors
  2 eyes of draining
  A guardian serpent simulacrum (Snake:3)
  3 boggarts
  3 ogres
  5 wolves (Lair:2)
  2 bullfrogs
  3 wights
  2 howler monkeys (D:14)
  2 crimson imps (Depths:2)
  A hound (D:12)
  7 orc priests
  3 orc wizards
  A naga simulacrum (Snake:3)
  A white imp (Depths:1)
  15 orcs
  A goblin (D:10)
330 creatures vanquished.

Vanquished Creatures (others)
  A draconian annihilator (Zot:1)
  A stone giant (Depths:4)
  A merfolk impaler (Shoals:4)
  A naga warrior (Snake:4)
  2 anacondas (Snake:4)
  A deep troll earth mage (Depths:4)
  3 shock serpents
  A spectral naga (Snake:3)
  2 deep elf knights
  A sea snake (Snake:4)
  An infernal demonspawn (Depths:3)
  A deep elf mage (Elf:3)
  2 merfolk
  A human (D:12)
  A fire elemental (Elf:1)
  A jelly (D:13)
  2 orcs (D:12)
  2 ball lightnings (Depths:4)
  2 bushes
  21 fungi
  126 plants
  23 tentacles
  19 withered plants (Crypt:3)
216 creatures vanquished.

Grand Total: 2589 creatures vanquished

Notes
Turn   | Place    | Note
-------+----------+-------------------------------------------
     0 | D:1      | dolemite99 the Merfolk Gladiator began the quest for the
                  | Orb.
     0 | D:1      | Reached XP level 1. HP: 16/16 MP: 1/1
   228 | D:1      | Reached skill level 5 in Polearms
   229 | D:1      | Reached XP level 2. HP: 22/22 MP: 2/2
   474 | D:1      | Reached XP level 3. HP: 20/27 MP: 3/3
  1336 | D:2      | Reached XP level 4. HP: 23/33 MP: 4/4
  2095 | D:2      | Reached XP level 5. HP: 37/38 MP: 5/5
  3010 | D:3      | Found an ancient bone altar of Kikubaaqudgha.
  3037 | D:3      | Found a burning altar of Makhleb.
  3134 | D:3      | Noticed Ijyb
  3156 | D:3      | Killed Ijyb
  3227 | D:3      | Became a worshipper of Makhleb the Destroyer
  3281 | D:3      | Noticed Terence
  3302 | D:3      | Killed Terence
  3392 | D:3      | Reached XP level 6. HP: 44/44 MP: 6/6
  3856 | D:3      | Found a snail-covered altar of Cheibriados.
  4421 | D:4      | Reached XP level 7. HP: 55/55 MP: 7/7
  4460 | D:4      | Reached skill level 5 in Fighting
  4460 | D:4      | Found a staircase to the Ecumenical Temple.
  5020 | D:5      | Entered Level 5 of the Dungeon
  5169 | D:5      | Reached * piety under Makhleb
  5511 | D:5      | Reached XP level 8. HP: 53/67 MP: 8/8
  6074 | D:6      | Found a shimmering blue altar of Sif Muna.
  6189 | D:6      | Reached skill level 1 in Armour
  6386 | D:6      | Reached XP level 9. HP: 48/77 MP: 9/9
  6595 | D:6      | Reached ** piety under Makhleb
  7016 | D:6      | Found an iron altar of Okawaru.
  7056 | D:6      | Found a broken altar of Ashenzari.
  7135 | D:7      | Noticed Menkaure
  7145 | D:7      | Killed Menkaure
  7193 | D:7      | Noticed Pikel
  7215 | D:7      | Killed Pikel
  8017 | D:7      | Noticed Harold
  8031 | D:7      | Killed Harold
  8032 | D:7      | Reached skill level 10 in Dodging
  8032 | D:7      | Reached XP level 10. HP: 83/83 MP: 10/10
  8148 | D:7      | Found a basalt altar of Yredelemnul.
  8207 | D:7      | Reached *** piety under Makhleb
  8425 | D:8      | Found a shadowy altar of Dithmenos.
  8435 | D:8      | Reached skill level 5 in Armour
  8457 | D:8      | Found a glowing golden altar of the Shining One.
  8462 | D:8      | Noticed a two-headed ogre
  8558 | D:8      | Found a sand-covered staircase.
  8575 | Ossuary  | Entered an ossuary
  9328 | D:7      | Reached skill level 10 in Polearms
 10555 | D:8      | Noticed a cyclops
 10626 | D:8      | Killed a cyclops
 10776 | D:8      | Found a large runed translucent door.
 10777 | D:8      | Found a large runed translucent door.
 10901 | D:8      | Reached **** piety under Makhleb
 11060 | D:8      | Killed a two-headed ogre
 11061 | D:8      | Reached XP level 11. HP: 64/89 MP: 11/11
 11251 | D:8      | Found a sacrificial altar of Ru.
 11255 | D:8      | Found a bloodstained altar of Trog.
 11260 | D:8      | Found a basalt altar of Yredelemnul.
 11573 | D:9      | Reached skill level 1 in Invocations
 11579 | D:9      | Identified the Grimoire of Hexes and Earth
 11847 | D:9      | Found a hide-covered altar of Uskayaw.
 11847 | D:9      | Noticed a -1 hand axe
 11848 | D:9      | Noticed a +0 dagger
 12407 | D:10     | Entered Level 10 of the Dungeon
 12448 | D:10     | Found a flagged portal.
 12490 | D:10     | Reached skill level 5 in Invocations
 13037 | D:10     | Reached skill level 1 in Evocations
 13209 | Bailey   | Entered a bailey
 13209 | Bailey   | Noticed an orc knight
 13212 | Bailey   | Noticed an orc knight
 13215 | Bailey   | Noticed an orc knight
 13231 | Bailey   | Killed an orc knight
 13983 | D:11     | Paralysed by a hornet for 1 turns
 14050 | D:11     | Noticed Erolcha
 14069 | D:11     | Killed Erolcha
 14142 | D:11     | Noticed Maurice
 14158 | D:11     | Killed Maurice
 14307 | D:11     | Found a hazy altar of Hepliaklqana.
 14316 | D:11     | Noticed a two-headed ogre
 14324 | D:11     | Killed a two-headed ogre
 14325 | D:11     | Reached skill level 5 in Evocations
 14410 | D:11     | Noticed a boulder beetle
 14448 | D:11     | Killed a boulder beetle
 14449 | D:11     | Reached XP level 12. HP: 92/96 MP: 16/16
 14548 | D:11     | Noticed a two-headed ogre
 14553 | D:11     | Killed a two-headed ogre
 14657 | D:11     | Found a staircase to the Lair.
 14701 | D:11     | Noticed a boulder beetle
 14733 | D:11     | Killed a boulder beetle
 15218 | D:11     | Noticed a two-headed ogre
 15228 | D:11     | Killed a two-headed ogre
 15348 | Lair:1   | Entered Level 1 of the Lair of Beasts
 15553 | Lair:1   | Reached skill level 10 in Evocations
 16010 | Lair:1   | Got a smoking amber ring
 16046 | Lair:1   | Identified a scroll of acquirement
 16046 | Lair:1   | Acquired a scarf of repulsion
 16335 | Lair:2   | Noticed a four-headed hydra
 16343 | Lair:2   | Killed a four-headed hydra
 16354 | Lair:2   | Noticed a seven-headed hydra
 16371 | Lair:2   | Killed a seven-headed hydra
 16628 | Lair:2   | Reached skill level 10 in Fighting
 16919 | Lair:2   | Noticed an eight-headed hydra
 16947 | Lair:2   | Reached XP level 13. HP: 73/105 MP: 17/17
 17101 | Lair:2   | Identified the Catalogue of Necromancy and the Oath
 17310 | Lair:2   | Found a staircase to the Snake Pit.
 17620 | Lair:2   | Found a staircase to the Shoals.
 17830 | Lair:3   | Got a pair of transparent gloves
 17841 | Lair:3   | Identified the cursed +0 pair of gloves of Wrong Decisions
                  | {rC+ Int+5} (You found it on level 3 of the Lair of Beasts)
 19196 | Lair:4   | Identified the ring of Rykecuit {rPois rF- rC+ rN+} (You
                  | found it on level 1 of the Lair of Beasts)
 19750 | Lair:4   | Got a pair of polished boots
 19751 | Lair:4   | Identified the cursed +0 pair of boots of the Crypt {rC+
                  | Str+4} (You found it on level 4 of the Lair of Beasts)
 20211 | Lair:5   | Reached XP level 14. HP: 114/114 MP: 18/18
 20221 | Lair:5   | Reached skill level 15 in Polearms
 20376 | Lair:5   | Found a staircase to the Slime Pits.
 20377 | Lair:5   | Found a viscous altar of Jiyva.
 20511 | Lair:5   | Found a frozen archway.
 20529 | IceCv    | Entered an ice cave
 21178 | IceCv    | Reached skill level 1 in Shields
 21873 | Lair:6   | Entered Level 6 of the Lair of Beasts
 22034 | Lair:6   | Found a burning altar of Makhleb.
 22256 | Lair:6   | Reached skill level 5 in Shields
 22730 | Lair:6   | Found a transporter.
 22732 | Lair:6   | Noticed teolandon225's ghost (journeyman SpEn)
 22796 | Lair:6   | Found a transporter.
 23314 | Lair:6   | Reached XP level 15. HP: 61/120 MP: 19/19
 23984 | D:12     | Reached skill level 10 in Shields
 24222 | D:12     | Noticed Kirke
 24246 | D:12     | Killed Kirke
 24588 | D:12     | Found a staircase to the Orcish Mines.
 25464 | Orc:1    | Entered Level 1 of the Orcish Mines
 25573 | Orc:1    | Reached ***** piety under Makhleb
 25849 | Orc:2    | Entered Level 2 of the Orcish Mines
 26065 | Orc:2    | Reached skill level 15 in Dodging
 26238 | Orc:2    | Found Noaw's Weapon Shoppe.
 26311 | Orc:2    | Found Ynuskiv's Armour Shop.
 26454 | Orc:2    | Found Oxokkym's Weapon Shoppe.
 26454 | Orc:2    | Found Muhiwn's Weapon Shop.
 26610 | Orc:2    | Found a roughly hewn altar of Beogh.
 26713 | Orc:2    | Found a staircase to the Elven Halls.
 28660 | D:14     | Reached XP level 16. HP: 127/127 MP: 20/20
 28692 | D:14     | Found a gate to the Vaults.
 29098 | D:15     | Entered Level 15 of the Dungeon
 29351 | D:15     | Noticed Josephine
 29364 | D:15     | Killed Josephine
 29365 | D:15     | Found an opulent altar of Gozag.
 29636 | D:15     | Found Wuothrez's General Store.
 29779 | D:15     | Identified the +6 plate armour of Death's Door {rC- Regen+
                  | rCorr Dex+6} (You found it on level 15 of the Dungeon)
 29801 | D:15     | Found a staircase to the Depths.
 30582 | Snake:1  | Entered Level 1 of the Snake Pit
 30816 | Snake:1  | Noticed Aizul
 30841 | Snake:1  | Killed Aizul
 30971 | Snake:1  | Noticed Louise
 30993 | Snake:1  | Killed Louise
 31050 | Snake:1  | Noticed Donald
 31061 | Snake:1  | Killed Donald
 31562 | Snake:1  | Noticed Roxanne
 31669 | Snake:2  | Noticed a nagaraja
 31680 | Snake:2  | Reached skill level 10 in Invocations
 31699 | Snake:2  | Killed a nagaraja
 32662 | Snake:2  | Noticed Vashnia
 32691 | Snake:3  | Reached XP level 17. HP: 133/133 MP: 25/25
 33003 | Snake:3  | Found a runed translucent gate.
 33003 | Snake:3  | Noticed Xitaol's ghost (adept SpEn)
 33005 | Snake:3  | Found a runed translucent gate.
 33006 | Snake:3  | Found a runed translucent gate.
 33832 | Shoals:1 | Entered Level 1 of the Shoals
 34566 | Shoals:1 | Noticed Nikola
 34596 | Shoals:1 | Killed Nikola
 34912 | Shoals:2 | Noticed a kraken
 34962 | Shoals:2 | Reached skill level 5 in Throwing
 35310 | Shoals:2 | Found Sacoujud's Jewellery Shop.
 35319 | Shoals:2 | Bought a +4 ring of slaying for 1014 gold pieces
 35595 | Shoals:2 | Found Qoezop's Weapon Emporium.
 36282 | Shoals:3 | Noticed a kraken
 36513 | Shoals:3 | Reached XP level 18. HP: 133/140 MP: 28/28
 36521 | Shoals:3 | Found a transporter.
 36528 | Shoals:3 | Noticed Morgoth's ghost (adept TeWr)
 36631 | Shoals:3 | Noticed Ilsuiw
 36649 | Shoals:3 | Found a transporter.
 36745 | Shoals:3 | Found the +11 plutonium sword {*Contam Stlth-}
 36935 | Shoals:3 | Killed Ilsuiw
 36939 | Shoals:3 | Reached skill level 10 in Throwing
 37271 | Shoals:4 | Entered Level 4 of the Shoals
 37619 | Shoals:4 | Identified the Incunabulum of Ice and Conjuration
 37637 | Shoals:4 | Acquired the amulet of Ruyrawn {Spirit +Fly Will+}
 37993 | Shoals:4 | Found a large runed translucent door.
 37993 | Shoals:4 | Found a large runed translucent door.
 37994 | Shoals:4 | Noticed Teryn's ghost (journeyman DsAK)
 38870 | Shoals:4 | Got a barnacled rune of Zot
 40529 | Snake:2  | Killed Vashnia
 40817 | Snake:4  | Entered Level 4 of the Snake Pit
 41680 | Lair:3   | Learned a level 1 spell: Animate Skeleton
 41682 | Lair:3   | Learned a level 1 spell: Apportation
 41685 | Lair:3   | Learned a level 2 spell: Wereblood
 42445 | Snake:4  | Reached XP level 19. HP: 152/152 MP: 29/29
 43834 | Snake:4  | Got a serpentine rune of Zot
 44261 | Vaults:1 | Entered Level 1 of the Vaults
 45539 | Vaults:1 | Reached skill level 10 in Armour
 45904 | Vaults:1 | Found Wiolots's Magic Scroll Boutique.
 45912 | Vaults:1 | Bought a scroll of blinking for 105 gold pieces
 45912 | Vaults:1 | Bought a scroll of fog for 28 gold pieces
 45912 | Vaults:1 | Bought a scroll of fog for 28 gold pieces
 45912 | Vaults:1 | Bought a scroll of teleportation for 42 gold pieces
 45912 | Vaults:1 | Bought a scroll of teleportation for 42 gold pieces
 45912 | Vaults:1 | Bought a scroll of magic mapping for 49 gold pieces
 46549 | Vaults:2 | Acquired a manual of Fighting
 46700 | Vaults:2 | Found a roughly hewn altar of Beogh.
 46873 | Vaults:2 | Acquired an uncursed ring of see invisible
 46967 | Vaults:2 | Reached skill level 15 in Fighting
 47500 | Vaults:2 | Reached XP level 20. HP: 165/165 MP: 30/30
 47786 | Vaults:2 | Found a staircase to the Crypt.
 47786 | Vaults:2 | Found a basalt altar of Yredelemnul.
 47787 | Vaults:2 | Found an ancient bone altar of Kikubaaqudgha.
 50378 | Elf:1    | Entered Level 1 of the Elven Halls
 50502 | Elf:1    | Noticed Azrael
 50522 | Elf:1    | Killed Azrael
 50564 | Elf:1    | Found Fytonyq's Gadget Shop.
 50588 | Elf:1    | Bought a tin of tremorstones (2/2) for 800 gold pieces
 50588 | Elf:1    | Bought a phantom mirror for 800 gold pieces
 50588 | Elf:1    | Bought a wand of iceblast (7) for 220 gold pieces
 50588 | Elf:1    | Bought a wand of iceblast (9) for 260 gold pieces
 50988 | Elf:1    | Reached XP level 21. HP: 179/180 MP: 24/32
 51583 | Elf:2    | Found a runed translucent gate.
 51584 | Elf:2    | Found a runed translucent gate.
 51585 | Elf:2    | Found a runed translucent gate.
 51586 | Elf:2    | Found the cursed +13 scythe of Curses {drain, *Curse}
 51612 | Elf:2    | Noticed Cuucabuana's ghost (veteran MiGl)
 51728 | Elf:2    | Identified the +4 war axe of Zoraucoi {vorpal, rC+ Dex+6}
 52326 | Elf:2    | Found Okobos's Weapon Boutique.
 52423 | Elf:2    | Found Agaxemma's Assorted Antiques.
 52525 | Elf:2    | Found a huge runed translucent gate.
 52525 | Elf:2    | Found a huge runed translucent gate.
 52525 | Elf:2    | Found a huge runed translucent gate.
 52525 | Elf:2    | Found a huge runed translucent gate.
 52529 | Elf:2    | Found a huge runed translucent gate.
 52953 | Elf:3    | Entered Level 3 of the Elven Halls
 52989 | Elf:3    | Reached ****** piety under Makhleb
 54124 | Elf:3    | Found a portal to a secret trove of treasure.
 54474 | Elf:3    | Reached skill level 15 in Shields
 54760 | Elf:3    | Identified the +9 short sword of Hospitality {elec, rC+}
 54764 | Elf:3    | Identified the +7 short sword of Cualaruz {pain, Dex+2}
 54770 | Elf:3    | Reached XP level 22. HP: 188/188 MP: 31/33
 54911 | Elf:3    | Identified the +2 scale mail of Untold Secrets {Str+4
                  | Stlth+}
 55340 | Elf:3    | Identified the amulet "Orhysi" {Acrobat +Blink Will++}
 55351 | Elf:3    | Identified the +3 scale mail "Gobafin" {rC+ rCorr}
 55482 | Elf:3    | Found the +6 shillelagh "Devastator" {shatter}
 55494 | Elf:3    | Identified the cursed +0 chain mail of Vexation {*Drain
                  | rC++ Regen+} (You found it on level 3 of the Elven Halls)
 55531 | Elf:3    | Identified the Volume of the Excruciating Birds
 55559 | Elf:3    | Identified the Catalogue of Cloudy Ice
 55756 | Elf:3    | Learned a level 4 spell: Animate Dead
 56038 | D:8      | Found a white marble altar of Elyvilon.
 56044 | D:8      | Found a blossoming altar of Fedhas.
 56317 | Lair:6   | Killed teolandon225's ghost
 56318 | Lair:6   | Reached skill level 1 in Necromancy
 56808 | Depths:1 | Entered Level 1 of the Depths
 57148 | Depths:1 | Found a one-way gate leading to the halls of Pandemonium.
 57261 | Depths:1 | Found a gateway to a ziggurat.
 57261 | Depths:1 | Noticed an ancient lich
 57269 | Depths:1 | Killed an ancient lich
 57302 | Depths:1 | Found a gateway to Hell.
 57500 | Depths:1 | Reached skill level 5 in Necromancy
 58889 | Depths:2 | Paralysed by a floating eye for 2 turns
 59131 | Depths:2 | Reached skill level 1 in Spellcasting
 59131 | Depths:2 | Reached XP level 23. HP: 191/194 MP: 34/34
 59997 | Depths:3 | Identified the +6 mace of Karma {drain, Dex+4} (You found
                  | it on level 3 of the Depths)
 60103 | Depths:3 | Reached skill level 5 in Spellcasting
 62040 | Elf:2    | Killed Cuucabuana's ghost
 62420 | Depths:4 | Noticed the Enchantress
 62870 | Depths:4 | Found a one-way gate to the infinite horrors of the Abyss.
 62927 | Depths:4 | Killed the Enchantress
 63234 | Depths:4 | Noticed Mennas
 63269 | Depths:4 | Killed Mennas
 63274 | Depths:4 | Reached skill level 10 in Spellcasting
 63472 | Depths:4 | Noticed Mara
 63505 | Depths:4 | Killed Mara
 63756 | Depths:4 | Found a runed translucent door.
 63762 | Depths:4 | Noticed Plog's ghost (adept DgCj)
 63899 | Depths:4 | Found Gibruffo's Jewellery Shop.
 63899 | Depths:4 | Found Zoxopsa's Gadget Shoppe.
 63900 | Depths:4 | Found Coyd's Jewellery Shop.
 63910 | Depths:4 | Bought the ring "Nintedem" {+Inv rPois EV+4 Str+3} for 665
                  | gold pieces
 63916 | Depths:4 | Bought an uncursed amulet of faith for 440 gold pieces
 63934 | Depths:4 | Bought a wand of iceblast (4) for 152 gold pieces
 64148 | Depths:4 | Noticed a golden dragon
 64172 | Depths:4 | Killed a golden dragon
 64512 | Depths:4 | Killed Plog's ghost
 64513 | Depths:4 | Reached XP level 24. HP: 191/202 MP: 37/37
 64802 | Depths:4 | Found a runed translucent door.
 64805 | Depths:4 | Noticed Igie's ghost (veteran SpVM)
 65131 | Depths:4 | Found a runed translucent door.
 65131 | Depths:4 | Noticed Clumpoid's ghost (master GnFi)
 65174 | Depths:5 | Entered Level 5 of the Depths
 65456 | Depths:5 | Found Dufao's Assorted Antiques.
 66089 | Depths:5 | Found Xugeott's Mayhem Merchandise.
 66120 | Depths:5 | Found a corrupted altar of Lugonu.
 66221 | Depths:5 | Bought a wand of iceblast (3) for 112 gold pieces
 66354 | Depths:5 | Bought a small steel ring for 245 gold pieces
 66362 | Depths:5 | Learned a level 5 spell: Summon Forest
 66413 | Depths:5 | Reached skill level 1 in Summonings
 66698 | Depths:5 | Found a gate to the Realm of Zot.
 67152 | Depths:5 | Reached skill level 5 in Summonings
 67248 | Depths:5 | Identified the cursed +1 morningstar of Destiny {vorpal,
                  | Dex+6} (You found it on level 5 of the Depths)
 67536 | Crypt:1  | Entered Level 1 of the Crypt
 68710 | Crypt:1  | Got a transparent platinum ring
 68711 | Crypt:1  | Identified the ring "Etrufuem" {*Contam +Fly rCorr Stlth+}
                  | (You found it on level 1 of the Crypt)
 69950 | Crypt:2  | Noticed Boris
 69966 | Crypt:2  | Killed Boris
 70086 | Crypt:2  | Reached skill level 10 in Summonings
 70239 | Crypt:2  | Reached skill level 1 in Translocations
 70722 | Shoals:4 | Killed Teryn's ghost
 71190 | Crypt:3  | Entered Level 3 of the Crypt
 71359 | Crypt:3  | Reached XP level 25. HP: 159/208 MP: 38/38
 71724 | Crypt:3  | Found a staircase to the Tomb.
 73397 | Crypt:3  | Noticed Boris
 73427 | Crypt:3  | Killed Boris
 73457 | Crypt:3  | Reached skill level 15 in Spellcasting
 74233 | Crypt:3  | Reached XP level 26. HP: 212/212 MP: 42/42
 74240 | Crypt:3  | Learned a level 2 spell: Passwall
 74250 | Crypt:3  | Found a basalt altar of Yredelemnul.
 74257 | Crypt:3  | Found an ancient bone altar of Kikubaaqudgha.
 74288 | Crypt:3  | Identified Sif Muna's Papyrus of Greatest Risks and Utility
 74294 | Crypt:3  | Identified the amulet of Vezaybir {Inacc rElec rN+} (You
                  | found it on level 3 of the Crypt)
 75884 | Slime:1  | Entered Level 1 of the Pits of Slime
 77724 | Snake:3  | Killed Xitaol's ghost
 78501 | Slime:1  | Found a viscous altar of Jiyva.
 78515 | Slime:1  | Gained mutation: You are frail. (-10% HP) [a shining eye]
 78638 | Slime:2  | Gained mutation: Scrolls take you a little longer to read.
                  | [a shining eye]
 78639 | Slime:2  | Gained mutation: You are weak. (Str -2) [a shining eye]
 78643 | Slime:2  | Gained mutation: You are very weak. (Str -4) [a shining
                  | eye]
 78645 | Slime:2  | Gained mutation: You are clumsy. (Dex -2) [a shining eye]
 78657 | Slime:2  | Gained mutation: You are very frail. (-20% HP) [a shining
                  | eye]
 78662 | Slime:1  | Gained mutation: Your body sometimes deteriorates upon
                  | taking damage. [a shining eye]
 78785 | Slime:2  | Reached skill level 5 in Translocations
 79491 | Slime:5  | Entered Level 5 of the Pits of Slime
 79501 | Slime:5  | Gained mutation: You are extremely frail. (-30% HP) [a
                  | shining eye]
 79506 | Slime:5  | Gained mutation: You do not regenerate when monsters are
                  | visible. [a shining eye]
 79672 | Slime:5  | Gained mutation: Your body often deteriorates upon taking
                  | damage. [a shining eye]
 79681 | Slime:5  | Gained mutation: You are dopey. (Int -2) [a shining eye]
 80259 | Slime:5  | Found a viscous altar of Jiyva.
 80260 | Slime:5  | Noticed the Royal Jelly
 80262 | Slime:5  | Found the +7 great mace "Firestarter" {inner flame, rF++}
 80294 | Slime:5  | Killed the Royal Jelly
 80295 | Slime:5  | Reached XP level 27. HP: 155/155 MP: 43/43
 80744 | Slime:5  | Gained mutation: Scrolls take you longer to read. [a
                  | shining eye]
 80745 | Slime:5  | Gained mutation: Your magical capacity is low. (-10% MP) [a
                  | shining eye]
 80750 | Slime:4  | Lost mutation: You are extremely frail. (-30% HP) [potion
                  | of mutation]
 80750 | Slime:4  | Lost mutation: You are very weak. (Str -4) [potion of
                  | mutation]
 80750 | Slime:4  | Lost mutation: Your magical capacity is low. (-10% MP)
                  | [potion of mutation]
 80750 | Slime:4  | Lost mutation: You are clumsy. (Dex -2) [potion of
                  | mutation]
 80750 | Slime:4  | Gained mutation: You have a pair of small antennae on your
                  | head. [potion of mutation]
 80751 | Slime:4  | Lost mutation: You are weak. (Str -2) [potion of mutation]
 80751 | Slime:4  | Lost mutation: You are dopey. (Int -2) [potion of mutation]
 80751 | Slime:4  | Lost mutation: You have a pair of small antennae on your
                  | head. [potion of mutation]
 80751 | Slime:4  | Lost mutation: You are very frail. (-20% HP) [potion of
                  | mutation]
 80751 | Slime:4  | Lost mutation: Your body often deteriorates upon taking
                  | damage. [potion of mutation]
 80751 | Slime:4  | Gained mutation: Your muscles are strong. (Str +2) [potion
                  | of mutation]
 80752 | Slime:4  | Lost mutation: Your muscles are strong. (Str +2) [potion of
                  | mutation]
 80752 | Slime:4  | Lost mutation: You are frail. (-10% HP) [potion of
                  | mutation]
 80752 | Slime:4  | Lost mutation: Scrolls take you longer to read. [potion of
                  | mutation]
 80752 | Slime:4  | Gained mutation: Your spells are a little harder to cast,
                  | but a little more powerful. [potion of mutation]
 80752 | Slime:4  | Gained mutation: You have a somewhat thin skeletal
                  | structure. (Dex +2, Stealth) [potion of mutation]
 80753 | Slime:4  | Lost mutation: You do not regenerate when monsters are
                  | visible. [potion of mutation]
 80753 | Slime:4  | Lost mutation: Your body sometimes deteriorates upon taking
                  | damage. [potion of mutation]
 80753 | Slime:4  | Lost mutation: Scrolls take you a little longer to read.
                  | [potion of mutation]
 80753 | Slime:4  | Gained mutation: You are dopey. (Int -2) [potion of
                  | mutation]
 80753 | Slime:4  | Gained mutation: Your magical capacity is low. (-10% MP)
                  | [potion of mutation]
 80753 | Slime:4  | Gained mutation: You are robust. (+10% HP) [potion of
                  | mutation]
 81256 | Slime:5  | Found the +7 Singing Sword {vorpal, sonic wave}
 81282 | Slime:5  | Got a slimy rune of Zot
 82646 | Zot:1    | Entered Level 1 of the Realm of Zot
 83128 | Zot:1    | Reached skill level 15 in Invocations
 83276 | Zot:1    | Noticed an orb of fire
 83287 | Zot:1    | Noticed an orb of fire
 83298 | Zot:1    | Killed an orb of fire
 83310 | Zot:1    | Gained mutation: Your magical capacity is very low. (-20%
                  | MP) [an orb of fire]
 83311 | Zot:1    | Gained mutation: Your body sometimes deteriorates upon
                  | taking damage. [an orb of fire]
 83319 | Zot:1    | HP: 10/244 [orb of fire/fireball (22)]
 83319 | Zot:1    | Killed from afar by an orb of fire

Illustrated notes

Levels and vault maps discovered:
D:1:      noname_arrival_rooms_in_the_neighbourhood, layout_basic,
          minmay_pentomino_o2
D:2:      layout_loops_ring, minmay_goblin_kobold_house
D:3:      layout_basic, marbit_many_paths, grunt_temple_overflow_open,
          serial_corexii_hall, chequers_hall_statues_corner_a,
          chequers_hall_statues_corner_a, chequers_hall_statues_wall_a,
          uniq_terence, uniq_ijyb
D:4:      layout_gridville, temple_pool_b, item_on_display_a
D:5:      layout_gridville
D:6:      cheibrodos_steamvent, layout_basic, nicolae_overflow_hidden_temple
D:7:      layout_loops_cross, basic_altar, uniq_harold, uniq_pikel,
          uniq_menkaure
D:8:      layout_gridville, minmay_overflow_temple_star_quad, kennysheep_mini,
          nicolae_ossuary_entry_catacombs, basic_altar, jmf_multi_god_temple2
D:9:      layout_irregular_city, dancing_weapons_uskayaw,
          kennysheep_generic_room_15
D:10:     layout_basic, enter_bailey_5, serial_park_tiny_pond,
          minmay_beelzebubs_servants
D:11:     layout_loops_corners, lair_entry_dummy, basic_altar, uniq_erolcha,
          uniq_maurice
D:12:     layout_cave_pools, hiddenorc1_lemuel, introduction_to_nature_2,
          uniq_kirke
D:13:     layout_roguey
D:14:     layout_layer_cave, david_vaults_5, kennysheep_nub
D:15:     hangedman_depths_entry_civil_slaughter, layout_stronghold,
          nicolae_gozag_cash_rules_everything_around_me, serial_shops, shop,
          uniq_josephine
Lair:1:   layout_gridlike, st_stairs_5, serial_bayou_shore_b
Lair:2:   layout_cave_pods, minmay_shoals_entry_hut,
          minmay_snake_entry_guardpost_large, serial_bayou_shore_b,
          serial_bayou_shore_a, lemuel_fruit_tree
Lair:3:   nzn_winding_woodlands_three_and_one
          [nzn_winding_woodlands_5x15_parted,
          nzn_winding_woodlands_5x15_concentric,
          nzn_winding_woodlands_5x15_cabin, nzn_winding_woodlands_center_lodge],
          layout_chaotic_city
Lair:4:   layout_roguey, grunt_megastairs_5, infiniplex_staircase_pool
Lair:5:   layout_loops_ring, slime_altar_1, portal_ice_cave_entry_imps,
          serial_bayou_pond_b, minivault_25, infiniplex_staircase_pool_2,
          lemuel_fruit_fields
Lair:6:   hangedman_lair_tendril_chambers, layout_cave_pods,
          guppyfry_lair_end_dragon, basic_altar, gammafunk_ghost_arena
Shoals:1: layout_shoals, uniq_nikola
Shoals:2: layout_shoals, serial_shops, shop, minmay_shop_enchanted_jewellery,
          nicolae_shoals_flooded_hall
Shoals:3: layout_shoals, gammafunk_ghost_arena, nicolae_shoals_square_sea_wall,
          uniq_ilsuiw
Shoals:4: shoals_end_simple, layout_shoals, ebering_ghost_disaster_area
Snake:1:  layout_chambers, uniq_donald, uniq_roxanne, uniq_aizul, uniq_louise
Snake:2:  layout_concentric_octagons, st_stairs_14, uniq_vashnia
Snake:3:  layout_onion_interference, gammafunk_ghost_necromancy, drop_trap
Snake:4:  grunt_snake_rune_pools, layout_cave_town, nicolae_snake_biting_tails,
          serial_bayou_pond_e
Slime:1:  layout_caves, basic_altar
Slime:2:  layout_caves
Slime:3:  layout_caves, nicolae_slime_barrier, amcnicky_altar_lugonu_corruption
Slime:4:  layout_caves
Slime:5
Orc:1:    layout_caves
Orc:2:    st_orc_town, layout_caves, enter_volcano_3
Elf:1:    minmay_elf_arrival_circle, layout_onion_city, serial_shops, shop,
          hangedman_elf_disciples, serial_sigils_hangedman_confine, uniq_azrael
Elf:2:    layout_onion_city, serial_shops, shop, shop, ebering_ghost_rock_garden
Elf:3:    minmay_elf_hall_not_hex, layout_loops_corners, enter_trove_2,
          grunt_megastairs_4
Vaults:1: nicolae_vaults_gold_heap, v_misc_11, nicolae_vaults_little_squares_4,
          vaults_room_fours, ontoclasm_vaults_ring_small,
          nicolae_vaults_sealed_display, ontoclasm_vaults_gateway,
          vaults_dpeg_ring, layout_vaults_omnigrid, serial_shops, shop_scrolls
Vaults:2: nicolae_vaults_hallways_thing, minmay_crypt_entry_necro_gods,
          nicolae_vaults_what_the_h, special_room_vaults [special_room_orc],
          nicolae_vaults_yaktaur_gun_rack, hangedman_vaults_nails,
          vaults_room_pool, hangedman_vaults_hat, grunt_vaults_hallway_long,
          nicolae_vaults_rhombus_7, layout_vaults_chaotic_city
Vaults:3: nicolae_vaults_stairing_the_circle, v_misc_14, vaults_room_corners,
          v_alt_pattern_1, v_misc_18, v_misc_13, ontoclasm_vaults_hangar,
          hangedman_vaults_cutoff, v_misc_29, v_alt_pattern_5,
          nicolae_vaults_little_squares_6, nicolae_vaults_little_squares_6,
          layout_vaults_ring
Crypt:1:  layout_regular_city, minivault_27, grunt_crypt_arrival_guarded_gate,
          grunt_megastairs_2
Crypt:2:  layout_chaotic_city, uniq_boris
Crypt:3:  lightli_unholy_cathedral, layout_chaotic_city,
          tomb_entry_forgotten_bobbens, st_stairs_8, minmay_misc_feat_pillars,
          grunt_ministairs_3
Depths:1: layout_cave_pools, enter_ziggurat_c, chequers_serial_rivers_room_a,
          grunt_pan_entry_in_and_out, hangedman_coc_ice_floe,
          kennysheep_generic_room_10
Depths:2: evilmike_cross, layout_gridlike, kennysheep_another_room, hellmouth_3,
          kennysheep_opposing_triangles
Depths:3: minmay_inside_and_out, layout_cave_shapes, grunt_hell_horde,
          rand_demon_pan_entry_8, minmay_misc_feat_iff,
          kennysheep_generic_room_6
Depths:4: minmay_mutant_horseshoe, layout_cave_shapes,
          hangedman_abyss_entry_splay, hell_entry,
          muffindrake_ghost_three_little_ghosts, minmay_staircase_bubble,
          minmay_shop_grove, uniq_mennas, uniq_mara, uniq_enchantress
Depths:5: grunt_zot_entry_pinwheel, layout_cave_pools, abyss_entry_flame_altar,
          hell_entry, serial_shops, shop, minmay_shop_mayhem,
          lightli_corner_chamber
Zot:1:    layout_gridlike, lemuel_lake_of_fire

Skill      XL: |  1  2  3  4  5  6  7  8  9 10 11 12 13 14 15 16 17 18 19 20 21 22 23 24 25 26 27 |
---------------+----------------------------------------------------------------------------------+-----
Polearms       | 5 6 8 9 13 14 16 | 16.3
Fighting       | 4 7 9 10 11 14 16 19 | 19.4
Armour         | 3 4 5 7 10 11 12 | 12.5
Dodging        | 10 12 17 19 | 19.6
Invocations    | 6 11 14 15 | 15.3
Evocations     | 7 11 | 11.3
Shields        | 9 10 15 16 | 16.0
Throwing       | 8 12 13 | 13.9
Necromancy     | 9 |  9.2
Spellcasting   | 1 10 11 15 16 | 16.5
Summonings     | 10 11 | 11.9
Translocations | 1 8 9 |  9.8

Action                   |  1- 3 |  4- 6 |  7- 9 | 10-12 | 13-15 | 16-18 | 19-21 | 22-24 | 25-27 || total
-------------------------+-------+-------+-------+-------+-------+-------+-------+-------+-------++-------
Melee: Trident           |   115 |   242 |   467 |   579 |       |       |       |       |       ||  1403
       Demon trident     |       |       |       |   442 |  1635 |  1543 |  1347 |  1283 |   654 ||  6904
       Tailslap          |       |       |       |     6 |     9 |    69 |     1 |     1 |     4 ||    90
       Glaive            |       |       |       |       |   109 |       |       |       |       ||   109
       Trishula          |       |       |       |       |       |       |       |   374 |   230 ||   604
Throw: Throwing net      |     7 |       |       |     8 |     2 |     1 |       |       |     1 ||    19
       Stone             |       |    49 |    63 |    89 |       |       |       |       |       ||   201
       Dart              |       |       |       |    38 |   165 |    49 |       |       |       ||   252
       Javelin           |       |       |       |       |       |   149 |   494 |   486 |   248 ||  1377
 Cast: Animate Skeleton  |       |       |       |       |       |       |       |    14 |       ||    14
       Animate Dead      |       |       |       |       |       |       |       |    25 |     1 ||    26
       Summon Forest     |       |       |       |       |       |       |       |       |     2 ||     2
Invok: Lesser Servant of |       |       |       |    19 |    49 |    87 |    30 |    51 |     6 ||   242
       Minor Destruction |       |       |       |     2 |       |     1 |       |       |       ||     3
       Greater Servant o |       |       |       |       |       |       |     4 |    16 |    10 ||    30
 Abil: Evoke Invisibilit |       |       |       |       |       |       |       |       |     2 ||     2
Evoke: Wand              |       |     8 |     1 |    14 |    19 |   105 |    10 |    29 |     6 ||   192
       Lightning rod     |       |       |       |     3 |     3 |    24 |    25 |    19 |    14 ||    88
       Phial of floods   |       |       |       |     1 |     2 |     8 |     6 |     7 |     5 ||    29
       Condenser vane    |       |       |       |       |     2 |    10 |    10 |    12 |     5 ||    39
       Box of beasts     |       |       |       |       |       |       |     2 |     5 |     3 ||    10
       Phantom mirror    |       |       |       |       |       |       |     1 |     6 |     4 ||    11
       Tin of tremorston |       |       |       |       |       |       |       |     6 |     3 ||     9
  Use: Scroll            |       |     7 |    12 |    10 |    16 |    24 |    14 |    28 |    14 ||   125
       Potion            |       |     3 |     2 |     5 |       |     9 |     2 |    10 |     8 ||    39
 Stab: Invisible         |       |       |     9 |       |       |       |       |       |    15 ||    24
       Paralysed         |       |       |    11 |     8 |       |     2 |       |     1 |       ||    22
       Distracted        |       |       |       |     1 |    12 |    19 |    10 |    25 |     3 ||    70
       Confused          |       |       |       |       |       |     1 |       |     1 |       ||     2
Armor: Leather armour    |    17 |     5 |       |       |       |       |       |       |       ||    22
       Chain mail        |       |    52 |       |       |       |       |   235 |   180 |    53 ||   520
       Scale mail        |       |    21 |   146 |   166 |       |       |       |       |       ||   333
       Plate armour      |       |     7 |    14 |   168 |   485 |   567 |    44 |    95 |   236 ||  1616
       Skin              |       |       |    24 |       |       |       |       |     1 |       ||    25
       Fire dragon scale |       |       |       |       |    25 |       |       |       |       ||    25
       Storm dragon scal |       |       |       |       |       |       |       |   279 |    43 ||   322
Dodge: Dodged            |    89 |   106 |   187 |   609 |   675 |   921 |   487 |   966 |   492 ||  4532
       Repelled          |       |       |       |       |     3 |     2 |       |       |       ||     5
Block: Other             |       |       |    75 |   184 |    50 |       |       |       |       ||   309
       Reflection        |       |       |     3 |     6 |       |   124 |    64 |    61 |     6 ||   264
       Kite shield       |       |       |       |       |   588 |  1048 |   531 |  1060 |   620 ||  3847

Table legend: (Time is in decaauts)
 A = Elapsed time spent in this place.
 B = Non-inter-level travel time spent in this place.
 C = Inter-level travel time spent in this place.
 D = Time resting spent in this place.
 E = Time spent auto-exploring this place.
 F = Levels seen in this place.
 G = Mean time per level.
                   A        B        C        D        E       F      G
               +--------+--------+--------+--------+--------+-----+--------+
         Total |  78899 |  67336 |  11563 |  17352 |  30279 |  54 | 1461.1 |
       Dungeon |  22074 |  18586 |   3488 |   4870 |   9008 |  15 | 1471.6 |
          Lair |   9376 |   7386 |   1990 |   1339 |   4123 |   6 | 1562.7 |
        Shoals |   4825 |   4178 |    647 |    580 |   1472 |   4 | 1206.2 |
     Snake Pit |   7807 |   6814 |    993 |   2123 |   2703 |   4 | 1951.8 |
    Slime Pits |   3355 |   3266 |     89 |   2136 |    122 |   5 |  671.0 |
  Orcish Mines |   1999 |   1314 |    685 |     32 |    718 |   2 |  999.5 |
   Elven Halls |   5775 |   4909 |    866 |   1167 |   2230 |   3 | 1925.0 |
        Vaults |   6426 |   4866 |   1560 |    390 |   3188 |   3 | 2142.0 |
         Crypt |   5509 |   5149 |    360 |   1639 |   2191 |   3 | 1836.3 |
        Depths |  10228 |   9347 |    881 |   2573 |   4145 |   5 | 2045.6 |
           Zot |    256 |    256 |      0 |      0 |     92 |   1 |  256.0 |
       Ossuary |    488 |    488 |      0 |    223 |    127 |   1 |  488.0 |
        Bailey |     36 |     36 |      0 |      0 |      0 |   1 |   36.0 |
      Ice Cave |    739 |    739 |      0 |    275 |    159 |   1 |  739.0 |
               +--------+--------+--------+--------+--------+-----+--------+

Top non-repeatable levels by time:
Depths:4: 3862 daAuts
   Elf:3: 2806 daAuts
 Crypt:3: 2382 daAuts
Vaults:2: 2270 daAuts
     D:7: 2252 daAuts
    D:12: 2245 daAuts
  Lair:2: 2210 daAuts
Vaults:1: 2209 daAuts
 Snake:4: 2071 daAuts
 Snake:3: 2068 daAuts
Depths:2: 2039 daAuts
    D:11: 1968 daAuts
  Lair:6: 1965 daAuts
Vaults:3: 1946 daAuts
 Crypt:2: 1925 daAuts
